 Dungeon Crawl Stone Soup version 0.32-a0-818-gb728d0252e (webtiles) character file.

Game seed: 10600655245603967249

26 AstroCodex24 the Shield-Bearer (level 2, -8/23 HPs)
             Began as a Vampire Fighter on Mar 23, 2024.
             Mangled by an ogre
             ... wielding a +0 giant club
              (24 damage)
             ... on level 4 of the Dungeon.
             The game lasted 00:01:38 (354 turns).

AstroCodex24 the Shield-Bearer (Vampire Fighter)     Turns: 354, Time: 00:01:39

Health: -8/23      AC: 11    Str: 15    XL:     2   Next: 89%
Magic:  2/2        EV:  3    Int: 10    God:
Gold:   39         SH:  4    Dex: 13    Spells: 1/1 levels left

rFire   . . .        i - +2 flail (heavy)
rCold   . . .        c - +0 buckler
rNeg    . . .        j - +0 plate armour
rPois   .            (no helmet)
rElec   .            (no cloak)
rCorr   .            (no gloves)
SInv    +            (no boots)
Will    .....        (no amulet) Stlth
                     (no ring)
HPRegen 0.43/turn    (no ring)
MPRegen 0.08/turn

%: no passive effects
@: healing quickly
A: alive, fangs 3, see invisible, vampiric 1
a: Exsanguinate


You were on level 4 of the Dungeon.
You visited 1 branch of the dungeon, and saw 4 of its levels.

You collected 39 gold pieces.

Inventory:

Hand Weapons
 a - a +0 war axe
 i - a +2 heavy flail (weapon)
Armour
 c - a +0 buckler (worn)
 j - a +0 plate armour (worn)
Scrolls
 f - a scroll of identify {unknown}
 g - a scroll of fog {unknown}
 h - a scroll of silence {unknown}
Potions
 d - a potion of might
 e - a potion of haste {unknown}


   Skills:
 + Level 2.9 Fighting
 + Level 2.1 Axes
 + Level 2.8 Armour
 + Level 0.2 Dodging
 + Level 3.0 Shields


You had one spell level left.
You didn't know any spells.
Your spell library contained the following spells:

 Spells                   Type           Power      Damage    Failure   Level
 Brom's Barrelling Bould  Conj/Erth      0%         2d3       100%        4
 Fireball                 Conj/Fire      0%         3d3       100%        5
 Iskenderun's Battlesphe  Conj           0%         2d6       100%        5
 Conjure Ball Lightning   Conj/Air       0%         3x3d6     100%        6
 Orb of Destruction       Conj           0%         9d5       100%        7


Dungeon Overview and Level Annotations

Branches:
Dungeon (4/15)
 Temple: D:4-7

Altars:


Innate Abilities, Weirdness & Mutations

Your natural rate of healing is accelerated.
You have razor-sharp teeth.
You have supernaturally acute eyesight. (SInv)
You are afflicted with vampirism.


Message History

Found an escape hatch in the ceiling.
You thump the rat!
You kill the rat!
Found 10 gold pieces.
There is a stone staircase leading down here.
You now have 39 gold pieces (gained 10).
You pick up a book of the Spheres and begin reading...
You add the spells Brom's Barrelling Boulder, Iskenderun's Battlesphere, Fireball, Conjure Ball Lightning and Orb of Destruction to your library.
There is a stone staircase leading down here.
You climb downwards.
There is a stone staircase leading up here.
You open the door.
A goblin and a hobgoblin come into view.
The goblin shouts!
The hobgoblin shouts!
There is an open door here.
The hobgoblin hits you but does no damage.
The goblin barely misses you.
You bludgeon the goblin!!
You kill the goblin!
The hobgoblin hits you but does no damage.
Found a dagger.
The hobgoblin hits you but does no damage.
Things that are here:
a +0 dagger; a goblin corpse An ogre comes into view.
It is wielding a +0 giant club.
The hobgoblin hits you.
The ogre shouts!
The hobgoblin hits you but does no damage.
The hobgoblin hits you but does no damage.
You hit the hobgoblin.
The hobgoblin is lightly wounded.
The hobgoblin hits you but does no damage. x2
You barely miss the hobgoblin.
The hobgoblin is lightly wounded.
You block the hobgoblin's attack. The ogre hits you with a +0 giant club.
The hobgoblin barely misses you. The hobgoblin hits you.
The ogre hits you with a +0 giant club!!
Ouch! That really hurt!
You die...

.... #.......#
.....#.......#
.....#.......#
.....##'##...# .
.........#####..
................
.......)........
.......g........
#####...@.......
#...O.......
#...........
#####.......
....... .).....
....... .......


You could see an ogre and a hobgoblin.

Vanquished Creatures
  An adder (D:3)
  A bat (D:1)
  An endoplasm (D:3)
  3 giant cockroaches
  A goblin (D:4)
  2 hobgoblins (D:1)
  A quokka (D:3)
  2 ball pythons (D:3)
  3 frilled lizards
  A kobold (D:2)
  A rat (D:3)
17 creatures vanquished.

Notes
Turn   | Place    | Note
-------+----------+-------------------------------------------
     0 | D:1      | AstroCodex24 the Vampire Fighter began the quest for the
                  | Orb.
     0 | D:1      | Reached XP level 1. HP: 17/17 MP: 1/1
   129 | D:2      | Reached XP level 2. HP: 23/23 MP: 2/2
   266 | D:3      | Reached skill level 3 in Shields
   348 | D:4      | Noticed an ogre
   354 | D:4      | Mangled by an ogre

Illustrated notes

Levels and vault maps discovered:
D:1:      dpeg_arrival_morbid_curiosity, layout_loops_ring,
          ebering_ecumenical_altar_webs
D:2:      layout_loops_ring, serial_shops, shop, dreamdust_princess_corridor
D:3:      cheibrodos_greedy_goblins, layout_rooms, lemuel_tele_altar
D:4:      layout_gridville, marbit_many_paths, uniq_pikel, uniq_robin

Skill      XL: |  1  2 |
---------------+-------+-----
Axes           | 2 |  2.1
Shields        | 3 |  3.0
Fighting       | |  2.9
Armour         | |  2.8
Dodging        | |  0.2

Action                     || total
---------------------------++-------
  Melee: War axe           ||    27
         Bite              ||     3
         Flail             ||    11
 Armour: Scale mail        ||    38
         Plate armour      ||    11
  Dodge: Dodged            ||    19
  Block: Buckler           ||    21

Table legend: (Time is in decaauts)
 A = Elapsed time spent in this place.
 B = Non-inter-level travel time spent in this place.
 C = Inter-level travel time spent in this place.
 D = Time resting spent in this place.
 E = Time spent auto-exploring this place.
 F = Levels seen in this place.
 G = Mean time per level.
                   A        B        C        D        E       F      G
               +--------+--------+--------+--------+--------+-----+--------+
         Total |    376 |    376 |      0 |      0 |      0 |   4 |   94.0 |
       Dungeon |    376 |    376 |      0 |      0 |      0 |   4 |   94.0 |
               +--------+--------+--------+--------+--------+-----+--------+

Top non-repeatable levels by time:
     D:3: 186 daAuts
     D:1: 113 daAuts
     D:2: 57 daAuts
     D:4: 18 daAuts
